Map: Aura de mort EC

Players

ShaDoWn - Winner!

  • Race: Protoss Protoss
  • Spawn Location: 5:00

SortOf

  • Race: Zerg Zerg
  • League: Master
  • Spawn Location: 11:00

VOD

Have the link to the VOD?

Description

Time

  • Played on: Feb. 5, 2021, 4:16 a.m.
  • Length: 13:48
Show
View Real Time Build Order
Export as new Build Order

ShaDoWn Protoss - Winner!

Build Orders: 1 Gate Expand, Oracle Opening, Carriers 

Get SALT Encoding   

  12  0:00  Probe  
  13  0:12  Probe  
  14  0:19  Pylon  
  14  0:24  Probe  
  15  0:37  Probe (Chrono Boost)  
  15  0:40  Gateway  
  16  0:47  Probe (Chrono Boost)  
  17  0:52  Probe (Chrono Boost)  
  17  0:53  Assimilator  
  18  1:04  Probe  
  19  1:16  Probe  
  20  1:27  Nexus  
  20  1:37  Cybernetics Core  
  20  1:40  Probe  
  20  1:45  Assimilator  
  21  1:52  Probe  
  22  1:55  Pylon  
  22  2:04  Probe  
  23  2:13  Adept  
  25  2:16  Probe  
  25  2:18  Stargate  
  26  2:26  Warp Gate  
  26  2:28  Probe (Chrono Boost)  
  27  2:39  Probe (Chrono Boost)  
  27  2:41  Probe (Chrono Boost)  
  27  2:43  Adept  
  31  2:48  Probe (Chrono Boost)  
  31  2:49  Probe (Chrono Boost)  
  33  2:54  Probe (Chrono Boost)  
  33  2:55  Probe  
  35  2:58  Oracle (Chrono Boost)  
  38  3:05  Probe  
  38  3:07  Probe  
  38  3:08  Pylon  
  40  3:18  Probe  
  40  3:19  Probe  
  42  3:23  Void Ray (Chrono Boost)  
  42  3:30  Probe  
  42  3:31  Probe  
  48  3:39  Nexus  
  48  3:42  Probe  
  48  3:43  Probe  
  48  3:46  Pylon  
  50  3:54  Probe  
  51  3:56  Probe  
  51  4:02  Stargate  
  52  4:03  Assimilator  
  52  4:05  Assimilator  
  52  4:06  Probe  
  52  4:08  Pylon, Probe  
  54  4:18  Pylon, Probe  
  54  4:22  Void Ray (Chrono Boost)  
  59  4:24  Probe  
  59  4:30  Probe  
  61  4:36  Probe  
  62  4:39  Shield Battery  
  62  4:40  Void Ray (Chrono Boost)  
  62  4:42  Gateway  
  62  4:43  Gateway, Probe (Chrono Boost)  
  63  4:52  Probe x2 (Chrono Boost)  
  70  5:00  Probe (Chrono Boost)  
  70  5:01  Probe (Chrono Boost)  
  70  5:03  Probe (Chrono Boost)  
  70  5:06  Void Ray (Chrono Boost), Assimilator, Probe (Chrono Boost)  
  73  5:08  Assimilator, Probe (Chrono Boost)  
  73  5:12  Void Ray (Chrono Boost)  
  79  5:16  Probe (Chrono Boost)  
  79  5:18  Probe (Chrono Boost)  
  85  5:24  Pylon  
  85  5:25  Probe (Chrono Boost)  
  85  5:26  Probe (Chrono Boost)  
  85  5:27  Twilight Council  
  85  5:28  Probe (Chrono Boost), Forge  
  87  5:32  Probe  
  87  5:33  Probe  
  89  5:37  Probe  
  89  5:40  Void Ray (Chrono Boost)  
  90  5:44  Probe  
  90  5:45  Probe  
  90  5:46  Void Ray (Chrono Boost)  
  96  5:55  Pylon  
  100  5:58  Robotics Facility  
  100  6:03  Protoss Ground Weapons Level 1  
  100  6:05  Charge  
  100  6:07  Probe  
  101  6:11  Gateway  
  101  6:13  Pylon  
  101  6:16  Gateway  
  101  6:19  Gateway  
  101  6:21  Gateway  
  101  6:24  Templar Archives  
  101  6:45  Psionic Storm  
  101  6:46  Nexus  
  101  6:48  Pylon  
  101  6:50  Gateway  
  101  6:52  Gateway  
  101  6:54  Gateway  
  101  6:55  Photon Cannon  
  101  7:07  High Templar  
  103  7:10  High Templar x3  
  105  7:18  Zealot  
  105  7:22  Shield Battery, Warp Prism (Chrono Boost)  
  107  7:23  Photon Cannon  
  107  7:25  Photon Cannon  
  107  7:27  Shield Battery  
  105  7:32  Probe  
  105  7:34  Probe  
  105  7:36  Probe  
  108  7:37  High Templar x2  
  108  7:39  Adept  
  114  7:44  Probe  
  114  7:45  High Templar  
  114  7:46  Probe  
  114  7:48  Probe  
  119  7:52  Pylon  
  119  7:56  Probe  
  120  7:58  Pylon, Probe  
  120  7:59  Probe  
  120  8:00  Assimilator, Photon Cannon, Probe  
  120  8:05  Assimilator  
  123  8:06  Observer  
  123  8:08  Probe  
  123  8:10  Probe  
  123  8:11  Probe  
  123  8:12  Probe  
  128  8:14  Photon Cannon, Protoss Ground Weapons Level 2 (Chrono Boost)  
  128  8:17  Photon Cannon  
  128  8:19  Shield Battery  
  128  8:20  Probe  
  128  8:22  Probe  
  128  8:23  Probe  
  128  8:24  Probe  
  128  8:25  Zealot x4  
  128  8:26  Zealot x2, High Templar x2  
  128  8:27  Zealot x2  
  156  8:34  Probe  
  156  8:35  Probe  
  148  8:41  Probe  
  148  8:48  Probe  
  142  8:51  Zealot x3  
  142  8:52  Zealot x4  
  142  8:54  Pylon  
  156  8:56  Pylon  
  156  8:58  Pylon  
  156  9:00  Fleet Beacon  
  156  9:03  Pylon  
  150  9:14  Zealot x5  
  150  9:15  Zealot x3  
  166  9:17  Nexus  
  166  9:18  Pylon  
  166  9:27  Zealot x2  
  170  9:37  Warp Prism (Chrono Boost)  
  148  9:38  Stargate  
  148  9:43  Protoss Air Weapons Level 1 (Chrono Boost)  
  144  9:51  Carrier (Chrono Boost)  
  144  9:52  Photon Cannon  
  140  9:53  Photon Cannon  
  140  9:55  Stargate, Shield Battery  
  140  9:58  Shield Battery  
  140  9:59  High Templar x3  
  158  10:00  Photon Cannon, High Templar  
  158  10:01  Carrier (Chrono Boost), Photon Cannon  
  158  10:02  High Templar x2  
  158  10:06  Archon  
  164  10:09  Archon  
  164  10:13  Archon  
  164  10:14  High Templar  
  166  10:16  Photon Cannon  
  166  10:18  Pylon  
  166  10:23  Carrier (Chrono Boost)  
  172  10:33  Observer  
  171  10:43  Carrier x2 (Chrono Boost)  
  183  10:56  Photon Cannon  
  183  10:59  Pylon  
  183  11:07  Carrier  
  183  11:08  Zealot x5  
  199  11:17  Assimilator x2  
  195  11:31  Carrier  
  187  11:40  Carrier x2  
  197  12:06  Zealot  
  199  12:11  Pylon  
  199  12:12  Photon Cannon  
  199  12:14  Photon Cannon  
  183  12:26  Zealot x6  
  183  12:27  Zealot x2  
  195  12:33  High Templar x2  
  195  12:36  Flux Vanes  
  187  13:34  Zealot x6  
Show
View Real Time Build Order
Export as new Build Order

SortOf Zerg 

Build Orders: Hatch First 

Get SALT Encoding   

  12  0:01  Drone  
  13  0:13  Overlord  
  13  0:17  Drone  
  14  0:31  Drone x2  
  16  0:46  Drone  
  17  0:54  Drone, Hatchery  
  17  0:58  Drone  
  18  1:08  Extractor  
  17  1:13  Spawning Pool  
  17  1:15  Drone  
  17  1:22  Drone  
  18  1:30  Drone  
  19  1:41  Overlord  
  19  1:53  Drone  
  20  2:00  Queen  
  20  2:01  Zergling x2  
  23  2:06  Queen  
  23  2:07  Drone  
  26  2:11  Metabolic Boost  
  26  2:16  Drone  
  26  2:19  Drone  
  28  2:23  Drone  
  28  2:28  Drone  
  30  2:37  Hatchery  
  30  2:41  Drone  
  30  2:45  Queen  
  30  2:48  Overlord  
  30  2:50  Zergling x2  
  33  2:53  Drone  
  34  3:00  Drone x2  
  36  3:06  Queen  
  36  3:07  Drone  
  36  3:11  Drone  
  40  3:16  Drone  
  40  3:18  Drone  
  42  3:20  Drone x2  
  42  3:25  Overlord  
  44  3:36  Overlord  
  44  3:43  Queen  
  44  3:45  Drone x5  
  44  3:48  Drone  
  52  3:52  Spore Crawler  
  49  3:59  Drone x3  
  49  4:02  Drone  
  52  4:03  Spore Crawler  
  52  4:04  Drone  
  52  4:05  Drone x2  
  54  4:13  Drone x4  
  58  4:20  Spore Crawler  
  58  4:22  Drone  
  55  4:33  Drone x4  
  55  4:35  Drone  
  55  4:38  Lair, Overlord  
  58  4:39  Overlord  
  58  4:43  Overlord  
  58  4:44  Overlord  
  58  4:45  Overlord  
  58  4:47  Roach Warren  
  58  4:50  Overlord  
  57  4:55  Overlord  
  57  4:57  Drone x3, Extractor  
  57  4:58  Drone  
  61  5:00  Drone  
  61  5:03  Drone x3  
  61  5:05  Drone x2  
  66  5:13  Drone x4  
  70  5:19  Drone x2, Evolution Chamber, Extractor, Queen  
  70  5:20  Extractor  
  72  5:28  Drone x2  
  72  5:30  Drone x7  
  72  5:34  Overlord  
  80  5:36  Drone x2  
  80  5:39  Hydralisk Den, Extractor  
  80  5:40  Overlord  
  79  5:44  Queen  
  79  5:48  Zerg Missile Weapons Level 1  
  81  5:50  Spore Crawler x2  
  79  5:58  Hatchery  
  79  5:59  Extractor  
  77  6:04  Overlord  
  77  6:06  Drone  
  77  6:07  Drone  
  77  6:08  Drone  
  77  6:10  Grooved Spines  
  77  6:11  Drone x2, Spore Crawler  
  79  6:15  Overlord  
  81  6:25  Hydralisk x6  
  93  6:28  Baneling Nest  
  93  6:29  Overlord  
  93  6:39  Overlord  
  93  6:42  Hydralisk x4  
  101  6:47  Overlord x3  
  101  6:49  Overlord  
  101  6:50  Overlord  
  101  6:58  Hatchery  
  100  7:03  Hydralisk x6, Overlord  
  100  7:07  Overlord  
  112  7:15  Extractor x2  
  108  7:21  Muscular Augments  
  108  7:26  Hydralisk x3  
  108  7:28  Zergling x8  
  108  7:29  Zergling x10  
  123  7:35  Drone x3  
  126  7:37  Extractor  
  126  7:41  Hydralisk x3  
  126  7:42  Zergling x4  
  133  7:52  Drone x3  
  133  7:53  Drone x3  
  133  7:57  Centrifical Hooks  
  139  8:02  Hydralisk x2  
  139  8:03  Zergling x6  
  146  8:11  Baneling x6  
  146  8:13  Drone x7  
  146  8:15  Extractor  
  146  8:18  Baneling x5  
  152  8:22  Zergling x12  
  158  8:31  Hydralisk x2  
  158  8:32  Zergling x6, Hydralisk  
  163  8:44  Zergling x12  
  161  8:49  Zergling x10  
  161  8:50  Baneling x7  
  161  8:53  Zerg Missile Weapons Level 2  
  161  8:54  Evolution Chamber  
  161  8:55  Drone x4  
  169  9:01  Extractor  
  167  9:13  Baneling  
  167  9:14  Overlord  
  167  9:15  Drone  
  167  9:16  Drone, Hatchery  
  168  9:18  Zergling x16  
  170  9:26  Zergling x18  
  171  9:37  Drone x7  
  162  9:46  Drone x4  
  162  9:48  Zerg Melee Weapons Level 1  
  162  9:49  Infestation Pit  
  165  9:55  Overlord  
  165  9:57  Overlord  
  165  9:59  Pneumatized Carapace  
  165  10:03  Zergling x16, Spine Crawler  
  165  10:06  Baneling x21  
  165  10:07  Overseer  
  172  10:23  Overlord  
  172  10:28  Zergling x8  
  172  10:29  Zergling x18  
  172  10:32  Hive  
  172  10:34  Spire  
  184  10:39  Drone x7  
  184  10:40  Drone x4  
  195  10:49  Drone  
  196  10:54  Overlord  
  196  10:55  Overlord  
  196  11:00  Hatchery  
  191  11:07  Spire  
  190  11:16  Drone x7  
  190  11:18  Spine Crawler, Extractor x2  
  194  11:19  Spine Crawler x2, Drone x3  
  194  11:22  Hydralisk x5  
  184  11:44  Baneling x5  
  184  11:46  Zerg Flyer Armor Level 1, Adrenal Glands  
  183  11:50  Viper x2, Ultralisk Cavern  
  188  11:56  Zergling x22  
  199  12:07  Spore Crawler  
  198  12:09  Spore Crawler x2  
  198  12:10  Spore Crawler  
  171  12:23  Hydralisk, Hatchery  
  171  12:24  Hydralisk x17  
  151  12:33  Hydralisk  
  151  12:34  Hydralisk x4  
  159  12:39  Hydralisk x2  
  159  12:40  Zergling x4  
  162  12:53  Hydralisk x2  
  160  13:09  Hydralisk  
  160  13:11  Hydralisk x12  
  182  13:18  Hydralisk  
  182  13:19  Hydralisk x3  
  179  13:22  Hydralisk  
  179  13:23  Hydralisk  
Tags
 
Add a new tag
Caveats
  • Supply blocks, unpowered buildings, or Contaminate may cause inaccurate times.
  • Supply counts are checked every 10 seconds.